 Dungeon Crawl Stone Soup version 0.31-a0-848-gaac375c287 (webtiles) character file.

Game seed: 9948449915145781088

28 Dirtsage the Chopper (level 2, -5/36 HPs)
             Began as a Demonspawn Berserker on Oct 4, 2023.
             Was a Believer of Trog.
             Succumbed to Terence's poison
             ... on level 2 of the Dungeon.
             The game lasted 00:01:16 (714 turns).

Dirtsage the Chopper (Demonspawn Berserker)          Turns: 714, Time: 00:01:17

Health: -5/36      AC:  2    Str: 17    XL:     2   Next: 96%
Magic:  2/2        EV: 12    Int:  8    God:    Trog [**....]
Gold:   39         SH:  0    Dex: 12    Spells: 1/1 levels left

rFire   . . .        a - +0 hand axe
rCold   . . .        (no shield)
rNeg    . . .        b - +0 animal skin
rPois   .            (no helmet)
rElec   .            (no cloak)
rCorr   .            (no gloves)
SInv    .            (no boots)
Will    .....        (no amulet) Stlth
                     (no ring)
HPRegen 0.26/turn    (no ring)
MPRegen 0.16/turn

%: no passive effects
@: berserking, lethally poisoned (-5 -> -43), very quick
A: magic regeneration
a: Renounce Religion, Berserk, Trog's Hand


You were on level 2 of the Dungeon.
You worshipped Trog.
Trog was pleased with you.
You visited 1 branch of the dungeon, and saw 2 of its levels.

You collected 39 gold pieces.

Inventory:

Hand Weapons
 a - a +0 hand axe (weapon)
Armour
 b - a +0 animal skin (worn)
Scrolls
 d - a scroll of brand weapon {unknown}
 e - a scroll of amnesia {unknown}
Potions
 c - 2 potions of brilliance {unknown}


   Skills:
 - Level 3.0 Fighting
 + Level 3.8 Axes
 - Level 1.7 Armour
 - Level 1.7 Dodging


You had one spell level left.
You didn't know any spells.
Your spell library was empty.

Dungeon Overview and Level Annotations

Branches:
Dungeon (2/15)

Altars:

Annotations:
D:2 Terence


Innate Abilities, Weirdness & Mutations

You regenerate magic rapidly.


Message History

No target in view!
No target in view!
HP restored.
You see here a +0 club.
You open the door.
There is an open door here.
You open the door.
There is an open door here.
You open the door.
Terence the Incautious comes into view.
He is wielding a +0 flail of venom.
Terence shouts!
Health restored: 24 A frilled lizard comes into view.
Found a stone staircase leading down.
The frilled lizard hisses angrily.
There is an open door here.
You fail to use your ability.
Terence hits you with a +0 flail of venom.
You are poisoned.
You take 5 damage, and have 19/24 hp.
MASSIVE DAMAGE!!
Okay, then.
A red film seems to cover your vision as you go berserk!
You feel yourself moving faster!
You feel mighty!
You feel very sick.
Terence hits you with a +0 flail of venom!
You are lethally poisoned!
You now have 14/36 hp.
You barely miss Terence.
* * * LOW HITPOINT WARNING * * *
You feel very sick.
Terence hits you with a +0 flail of venom!
* * * LOW HITPOINT WARNING * * *
You are more poisoned.
You take 12 damage, and have 2/36 hp.
MASSIVE DAMAGE!!
You hit Terence.
Terence is moderately wounded.
You slash the frilled lizard!
You kill the frilled lizard!
Trog accepts your kill.
You die...

. ##. #...
+.>.#########
#...........#
............###
# #....@......
# #@# # #.#
#### #.# ...#
#######.# ##.#
#.......# .#.#
#####.#######
...# #...#.#
...# #...#.#
...###...#.#


You could see Terence.

Vanquished Creatures
  A dart slug (D:1)
  A ball python (D:1)
  5 bats (D:1)
  2 endoplasms (D:1)
  A giant cockroach (D:1)
  3 goblins
  2 hobgoblins (D:1)
  A quokka (D:1)
  4 frilled lizards
  3 kobolds (D:1)
  3 rats (D:1)
26 creatures vanquished.

Notes
Turn   | Place    | Note
-------+----------+-------------------------------------------
     0 | D:1      | Dirtsage the Demonspawn Berserker began the quest for the
                  | Orb.
     0 | D:1      | Reached XP level 1. HP: 18/18 MP: 1/1
   171 | D:1      | Gained mutation: You regenerate magic rapidly. [demonic
                  | ancestry]
   171 | D:1      | Reached XP level 2. HP: 24/24 MP: 2/2
   441 | D:1      | Reached ** piety under Trog
   709 | D:2      | Noticed Terence
   714 | D:2      | Succumbed to Terence's poison

Illustrated notes

Levels and vault maps discovered:
D:1:      minmay_arrival_loop, layout_loops_ring, corexii_leaking_fountain
D:2:      layout_basic, bh_walls_and_bars, uniq_terence

Skill      XL: |  1 |
---------------+----+-----
Axes           | 3 |  3.8
Fighting       | |  3.0
Armour         | |  1.7
Dodging        | |  1.7

Action                     || total
---------------------------++-------
  Melee: Hand axe          ||    65
         Punch             ||     1
 Invoke: Berserk           ||     1
   Stab: Sleeping          ||     2
 Armour: Animal skin       ||    40
  Dodge: Dodged            ||    43

Table legend: (Time is in decaauts)
 A = Elapsed time spent in this place.
 B = Non-inter-level travel time spent in this place.
 C = Inter-level travel time spent in this place.
 D = Time resting spent in this place.
 E = Time spent auto-exploring this place.
 F = Levels seen in this place.
 G = Mean time per level.
                   A        B        C        D        E       F      G
               +--------+--------+--------+--------+--------+-----+--------+
         Total |    722 |    710 |     12 |      0 |    555 |   2 |  361.0 |
       Dungeon |    722 |    710 |     12 |      0 |    555 |   2 |  361.0 |
               +--------+--------+--------+--------+--------+-----+--------+

Top non-repeatable levels by time:
     D:1: 657 daAuts
     D:2: 65 daAuts
